 Dungeon Crawl Stone Soup version 0.22-b1-21-g5cfc168 (webtiles) character file.

118 tyranidshit the Skirmisher (level 4, 0/39 HPs)
             Began as a Demonspawn Abyssal Knight on Aug 3, 2018.
             Was a Believer of Lugonu.
             Slain by a gnoll (4 damage)
             ... on level 3 of the Dungeon.
             The game lasted 00:04:33 (1488 turns).

tyranidshit the Skirmisher (DsAK)                   Turns: 1488, Time: 00:04:34

Health: 0/39       AC: 11    Str: 13    XL:     4   Next: 72%
Magic:  5/5        EV:  2    Int: 14    God:    Lugonu [**....]
Gold:   77         SH:  3    Dex: 14    Spells: 3/3 levels left

rFire    + . .     SeeInvis .   a - +1 hand axe
rCold    . . .     Gourm    .   h - +0 buckler
rNeg     . . .     Faith    .   l - +0 plate armour
rPois    .         Spirit   .   (helmet restricted)
rElec    .         Reflect  .   (no cloak)
rCorr    .         Harm     .   (no gloves)
MR       .....                  (no boots)
Stlth    ..........             (no amulet)
HPRegen  0.13/turn              e - ring of stealth
MPRegen  0.09/turn              (no ring)

@: no status effects
A: beak, horns 1, agile 1, demonic guardian 1, fire resistance 1, low mp 1,
shaggy fur 1
a: Depart the Abyss, Bend Space, Renounce Religion


You were on level 3 of the Dungeon.
You worshipped Lugonu.
Lugonu was pleased with you.
You were not hungry.

You visited 1 branch of the dungeon, and saw 3 of its levels.
You visited the Abyss 1 time.

You collected 77 gold pieces.

Inventory:

Hand Weapons
 a - a +1 hand axe (weapon)
Armour
 h - a +0 buckler (worn)
 l - a +0 plate armour (worn)
Jewellery
 b - an uncursed ring of ice
 e - a ring of stealth (left hand)
 f - an uncursed ring of ice
Scrolls
 g - a scroll of teleportation
 i - a scroll of identify
Potions
 d - a potion of curing
Comestibles
 c - 7 rations


   Skills:
 + Level 5.5 Fighting
 - Level 1.7 Axes
 - Level 1.7 Armour
 - Level 0.8 Dodging
 - Level 2.4 Invocations


You had 3 spell levels left.
You didn't know any spells.
Your spell library was empty.

Dungeon Overview and Level Annotations

Branches:
Dungeon (3/15)

Altars:
Elyvilon
Qazlal


Innate Abilities, Weirdness & Mutations

A weak demonic guardian rushes to your aid.
Your flesh is heat resistant. (rF+)
You have a beak for a mouth.
You have a pair of small horns on your head.
You are agile. (Dex +2)
Your magical capacity is low. (-10% MP)
You are covered in fur. (AC +1)


Message History

The gnoll hits you but does no damage. The gnoll hits you.
* * * LOW HITPOINT WARNING * * *
The gnoll hits you but does no damage. The gnoll hits you but does no damage.
The gnoll hits you.
* * * LOW HITPOINT WARNING * * *
The gnoll hits you but does no damage.
Your plate armour prevents you from hitting the gnoll.
The gnoll hits you but does no damage.
You completely miss the gnoll. The gnoll hits you but does no damage.
The gnoll hits you but does no damage. The gnoll barely misses you.
There is a stone staircase leading up here.
You completely miss the gnoll. The gnoll hits you.
* * * LOW HITPOINT WARNING * * *
You hit the gnoll.
The gnoll is lightly wounded.
The gnoll hits you.
You die...

######### #.......# ###
#####.####.# #.#
#@g...# #.# #.#
########## #.##### #.#
#........# #.....#
#.###........####.....#
#...'........'........#
#.###........#####....#
#.# #......).# #....###
#.# #........# #.......
#.# #........# #.......


You could see a gnoll.

Vanquished Creatures
  3 adders
  2 gnolls (D:3)
  An ooze (D:1)
  3 worms
  A dart slug (D:2)
  3 leopard geckos
  6 orcs (D:3)
  3 bats
  4 giant cockroaches (D:1)
  3 goblins (D:1)
  2 hobgoblins
  3 jackals (D:1)
  6 kobolds
  2 ball pythons
  4 frilled lizards
  5 rats
51 creatures vanquished.

Notes
Turn   | Place    | Note
-------+----------+-------------------------------------------
     0 | Abyss:1  | tyranidshit the Demonspawn Abyssal Knight began the quest for the Orb.
     0 | Abyss:1  | Reached XP level 1. HP: 18/18 MP: 2/2
    73 | Abyss:1  | Noticed a thrashing horror
    74 | D:1      | Escaped the Abyss
   143 | D:1      | Gained mutation: Your flesh is heat resistant. (rF+) [demonic ancestry]
   143 | D:1      | Reached XP level 2. HP: 19/24 MP: 3/3
   263 | D:1      | Reached * piety under Lugonu
   320 | D:1      | Reached skill level 4 in Fighting
   371 | D:1      | Gained mutation: You are agile. (Dex +2) [potion of mutation]
   371 | D:1      | Gained mutation: You have a beak for a mouth. [potion of mutation]
   371 | D:1      | Gained mutation: Potions are less effective at restoring your health. [potion of mutation]
   371 | D:1      | Gained mutation: You expend magic power (3 MP) to strengthen your wands. [potion of mutation]
   389 | D:1      | Gained mutation: A weak demonic guardian rushes to your aid. [demonic ancestry]
   389 | D:1      | Reached XP level 3. HP: 28/30 MP: 4/4
   844 | D:2      | Lost mutation: You are agile. (Dex +2) [potion of mutation]
   844 | D:2      | Lost mutation: You expend magic power (3 MP) to strengthen your wands. [potion of mutation]
   844 | D:2      | Lost mutation: Potions are less effective at restoring your health. [potion of mutation]
   844 | D:2      | Gained mutation: You are covered in fur. (AC +1) [potion of mutation]
   844 | D:2      | Gained mutation: Your magical capacity is low. (-10% MP) [potion of mutation]
   844 | D:2      | Gained mutation: You are agile. (Dex +2) [potion of mutation]
   844 | D:2      | Gained mutation: You have a pair of small horns on your head. [potion of mutation]
   869 | D:2      | Found a stormy altar of Qazlal.
   870 | D:2      | Found a white marble altar of Elyvilon.
  1089 | D:2      | Reached XP level 4. HP: 36/38 MP: 5/5
  1184 | D:3      | Reached ** piety under Lugonu
  1246 | D:3      | Reached skill level 5 in Fighting
  1488 | D:3      | Slain by a gnoll

Skill      XL: |  1  2  3  4 |
---------------+-------------+-----
Fighting       | 4 5 |  5.5
Axes           | |  1.7
Armour         | |  1.7
Dodging        | |  0.8
Invocations    | |  2.4

Action                   |  1- 3 |  4- 6 || total
-------------------------+-------+-------++-------
Melee: Hand axe          |    95 |    49 ||   144
       Peck              |     9 |     5 ||    14
       Headbutt          |     2 |     6 ||     8
Invok: Depart the Abyss  |     1 |       ||     1
  Use: Scroll            |     4 |       ||     4
       Potion            |     6 |       ||     6
 Stab: Sleeping          |     3 |       ||     3
  Eat: Ration            |     1 |       ||     1
Armor: Leather armour    |    19 |       ||    19
       Chain mail        |    29 |       ||    29
       Plate armour      |     2 |    32 ||    34
Dodge: Dodged            |    50 |     5 ||    55
Block: Buckler           |       |     8 ||     8
